 Dungeon Crawl Stone Soup version 0.18-a0-1683-gf9322e6 (webtiles) character file.

499 inmateoo the Chopper (level 7, -9/55 HPs)
             Began as a Formicid Arcane Marksman on Apr 3, 2016.
             Mangled by an ice beast (13 damage)
             ... on level 5 of the Dungeon.
             The game lasted 00:06:38 (4366 turns).

inmateoo the Chopper (Formicid Arcane Marksman)     Turns: 4366, Time: 00:06:40

Health: -9/55      AC: 11    Str: 24    XL:     7   Next: 39%
Magic:  8/8        EV:  6    Int: 13    God:
Gold:   307        SH:  5    Dex:  9    Spells: 1 memorised, 7 levels left

rFire  + . .     SeeInvis +     u - +0 war axe
rCold  . . .     Gourm    .     q - +0 plate armour
rNeg   . . .     Faith    .     a - +2 buckler
rPois  .         Spirit   .     (helmet unavailable)
rElec  .         Dismiss  .     i - +0 cloak
rCorr  .         Reflect  .     (no gloves)
SustAt .         Harm     .     (no boots)
MR     .....                    (no amulet)
Stlth  ..........               d - +4 ring of strength
                                o - ring of protection from fire

@: not resistant to hostile enchantments, extremely unstealthy
A: permanent stasis, dig shafts and tunnels, four strong arms, antennae 3,
talons 1, strong 1, MP-powered wands
a: Dig, Shaft Self


You were on level 5 of the Dungeon.
You were not hungry.

You visited 1 branch of the dungeon, and saw 5 of its levels.

You collected 307 gold pieces.

Inventory:

Hand Weapons
 l - a +0 blowgun
 s - a +0 flail
 u - a +0 war axe (weapon)
Missiles
 k - 128 stones (quivered)
 m - 24 poisoned needles
Armour
 a - a +2 buckler (worn)
 i - a +0 cloak (worn)
 q - a +0 plate armour (worn)
Jewellery
 d - a +4 ring of strength (right hand)
 o - a ring of protection from fire (left hand)
Wands
 w - a wand of disintegration (9/24)
Scrolls
 e - 2 scrolls of magic mapping
 j - a scroll of remove curse
 t - a scroll of identify
Potions
 b - a potion of resistance
 h - 2 potions of magic
 n - 2 potions of brilliance {unknown}
 p - a potion of flight {unknown}
 r - a potion of berserk rage {unknown}
Books
 c - a book of Debilitation

   Spells                             Type                      Level
   a - Corona                         Hexes                        1
   b - Slow                           Hexes                        2
   c - Gell's Gravitas                Hexes/Translocation          3
   d - Inner Flame                    Hexes/Fire                   3
   e - Cause Fear                     Hexes                        4
   f - Leda's Liquefaction            Hexes/Earth                  4
Miscellaneous
 y - a plain deck of wonders {drawn: 4}
Comestibles
 f - 3 bread rations
 g - a meat ration
 v - a royal jelly
 x - a chunk of flesh


   Skills:
 + Level 4.4 Fighting
 * Level 5.3 Axes
   Level 2.1 Slings
 + Level 1.5 Armour
 - Level 1.7 Dodging
 + Level 1.6 Shields
 - Level 1.1 Spellcasting
 - Level 3.6 Hexes


You had 7 spell levels left.
You knew the following spells:

 Your Spells              Type           Power        Failure   Level  Hunger
a - Corona                Hex            ##.....      99%         1    ##.....


Dungeon Overview and Level Annotations

Branches:
Dungeon (5/15)
 Temple: D:4-7

Altars:
Nemelex Xobeh

Shops:
D:4 :

Annotations:
D:4 inmateoo's ghost, amateur FoAM


Innate Abilities, Weirdness & Mutations

You are under a permanent stasis effect.
You can dig through walls and to a lower floor.
Your four strong arms can wield two-handed weapons with a shield.
You have a pair of large antennae on your head (SInv).
You have sharp toenails.
Your muscles are strong. (Str +2)
You expend magic power (3 MP) to strengthen your wands.


Message History

The ice beast hits you but does no damage.
You closely miss the ice beast. Your kick misses the ice beast.
The ice beast is severely wounded.
The ice beast barely misses you.
You hit the ice beast. Your kick misses the ice beast.
The ice beast is severely wounded.
The ice beast barely misses you.
Your plate armour prevents you from hitting the ice beast.
You claw the ice beast, but do no damage.
The ice beast is severely wounded.
You block the ice beast's attack. The ice beast hits you.
The ice beast freezes you!
* * * LOW HITPOINT WARNING * * *
You closely miss the ice beast.
You claw the ice beast, but do no damage.
The ice beast is severely wounded.
The ice beast hits you.
* * * LOW HITPOINT WARNING * * *
The ice beast freezes you!
You die...

...........#
...........#
...........##
............###
..............##
...............###
.†........##.....##
..........####....###
∆ ..........#
###@Y..# .........##
##.....# .........#
##....# ........##
.... #......## #.. .


You could see an ice beast.

Vanquished Creatures
  Menkaure (D:4)
  A scorpion (D:4)
  A hound (D:3)
  A centaur skeleton (D:5)
  2 orc priests
  An orc wizard (D:3)
  A worker ant (D:4)
  Natasha (D:4)
  2 adders
  3 oozes
  2 dart slugs
  6 giant geckos
  7 orcs
  A ball python (D:1)
  7 giant cockroaches
  11 goblins
  10 hobgoblins
  8 jackals (D:1)
  10 bats
  4 kobolds
  A quokka zombie (D:5)
  12 rats
93 creatures vanquished.

Notes
Turn   | Place    | Note
--------------------------------------------------------------
     0 | D:1      | inmateoo the Formicid Arcane Marksman began the quest for the Orb.
     0 | D:1      | Reached XP level 1. HP: 15/15 MP: 2/2
   238 | D:1      | Reached XP level 2. HP: 22/22 MP: 3/3
   491 | D:1      | Reached XP level 3. HP: 28/28 MP: 4/4
  1339 | D:2      | Reached XP level 4. HP: 37/37 MP: 5/5
  1404 | D:2      | Gained mutation: You expend magic power (3 MP) to strengthen your wands. [potion of mutation]
  1404 | D:2      | Gained mutation: You have sharp toenails. [potion of mutation]
  1404 | D:2      | Gained mutation: Your muscles are strong. (Str +2) [potion of mutation]
  1815 | D:2      | Reached skill level 1 in Axes
  2259 | D:3      | Reached XP level 5. HP: 40/42 MP: 6/6
  2349 | D:3      | Reached skill level 2 in Axes
  2571 | D:4      | Noticed inmateoo's ghost (amateur FoAM)
  2571 | D:4      | Noticed Natasha
  2711 | D:4      | Reached skill level 3 in Axes
  2711 | D:4      | Reached XP level 6. HP: 38/48 MP: 7/7
  2973 | D:3      | Reached skill level 4 in Axes
  3526 | D:4      | Found Qeuge's Book Boutique.
  3695 | D:4      | Killed Natasha
  3769 | D:4      | Noticed Menkaure
  3774 | D:4      | Killed Menkaure
  3774 | D:4      | Reached skill level 5 in Axes
  3774 | D:4      | Reached skill level 1 in Armour
  3774 | D:4      | Reached skill level 1 in Shields
  3774 | D:4      | Reached XP level 7. HP: 16/55 MP: 8/8
  4137 | D:5      | Entered Level 5 of the Dungeon
  4306 | D:5      | Found a sparkling altar of Nemelex Xobeh.
  4350 | D:5      | Drew Focus: Str increased to 18, Dex decreased to 9
  4366 | D:5      | Mangled by an ice beast

Vault maps used:
D:1:      onia_arrival_larder
D:4:      serial_shops, nicolae_shop_behind_doors, uniq_natasha, uniq_menkaure
D:5:      first_bread, minmay_misc_feat_tiny, nemelex_deck, uniq_sigmund

Skill      XL: |  1  2  3  4  5  6 |
---------------+-------------------+-----
Fighting       | 2 3 4 |  4.4
Axes           | 1 3 5 |  5.3
Armour         | 1 |  1.5
Shields        | 1 |  1.6
Slings         | |  2.1
Dodging        | |  1.7
Spellcasting   | |  1.1
Hexes          | |  3.6

Action                   |  1- 3 |  4- 6 |  7- 9 || total
-------------------------+-------+-------+-------++-------
Melee: Unarmed           |    24 |    31 |       ||    55
       Hand axe          |       |   109 |       ||   109
       Mace              |       |     1 |       ||     1
       Flail             |       |    37 |       ||    37
       War axe           |       |    18 |    54 ||    72
 Fire: Hunting sling     |   139 |    10 |       ||   149
 Abil: Dig               |     1 |     2 |       ||     3
Evoke: Deck              |       |       |     4 ||     4
  Use: Scroll            |       |    10 |       ||    10
       Potion            |       |     1 |       ||     1
  Eat: Chunk             |     2 |     8 |     2 ||    12
